 Dungeon Crawl Stone Soup version 0.30.1-11-g7821555f0a (webtiles) character file.

Game seed: 9242370806187763893

128 lonewolfV2 the Covered (level 4, -2/41 HPs)
             Began as a Minotaur Fighter on Nov 6, 2023.
             Slain by a cerulean imp
             ... wielding a +0 spear
             ... summoned by Natasha
              (4 damage)
             ... on level 3 of the Dungeon.
             The game lasted 00:02:42 (1654 turns).

lonewolfV2 the Covered (Minotaur Fighter)           Turns: 1654, Time: 00:02:43

Health: -2/41      AC:  8    Str: 21    XL:     4   Next: 86%
Magic:  3/3        EV: 10    Int:  5    God:
Gold:   130        SH:  9    Dex: 11    Spells: 3/3 levels left

rFire   . . .        a - +0 war axe
rCold   . . .        c - +0 buckler
rNeg    . . .        b - +0 scale mail
rPois   .            (helmet restricted)
rElec   .            (no cloak)
rCorr   .            p - +0 pair of gloves
SInv    .            (no boots)
Will    .....        h - amulet of reflection Stlth
                     (no ring)
HPRegen 0.26/turn    (no ring)
MPRegen 0.08/turn

%: reflection
@: slowed, very slow
A: horns 2, retaliatory headbutt
a: no special abilities


You were on level 3 of the Dungeon.
You visited 1 branch of the dungeon, and saw 3 of its levels.

You collected 130 gold pieces.

Inventory:

Hand Weapons
 a - a +0 war axe (weapon)
Armour
 b - a +0 scale mail (worn)
 c - a +0 buckler (worn)
 p - a +0 pair of gloves (worn)
Jewellery
 h - an amulet of reflection (around neck)
Scrolls
 g - a scroll of vulnerability
 r - a scroll of teleportation
Potions
 d - 2 potions of might
 e - 2 potions of brilliance {unknown}
 f - 2 potions of curing {unknown}
 i - a potion of lignification {unknown}
 j - 2 potions of heal wounds {unknown}
 k - a potion of cancellation {unknown}
 l - a potion of berserk rage {unknown}
 m - 2 potions of invisibility {unknown}
 n - 4 potions of attraction
 o - a potion of magic {unknown}


   Skills:
 + Level 4.5 Fighting
 - Level 2.4 Axes
 + Level 4.6 Armour
 * Level 3.4 Dodging
 - Level 3.6 Shields


You had 3 spell levels left.
You didn't know any spells.
Your spell library contained the following spells:

 Spells                   Type           Power      Damage    Failure   Level
 Hailstorm                Conj/Ice       0%         3d3       99%         3
 Ice Form                 Ice/Tmut       0%         N/A       100%        4
 Simulacrum               Ice/Necr       0%         N/A       100%        6


Dungeon Overview and Level Annotations

Branches:
Dungeon (3/15)

Altars:

Annotations:
D:3 Natasha


Innate Abilities, Weirdness & Mutations

You have a pair of horns on your head.
You reflexively headbutt those who attack you in melee.


Message History

You slash the cerulean imp! Your headbutt misses the cerulean imp.
The cerulean imp is almost dead.
You barely miss Natasha. You barely miss the cerulean imp.
You block Natasha's attack. The cerulean imp misses you.
The cerulean imp barely misses you.
The cerulean imp hits you but does no damage.
Natasha casts a spell at you.
You feel yourself slow down.
You miss the cerulean imp. You headbutt the cerulean imp.
You kill the cerulean imp!
The cerulean imp disappears in a puff of smoke!
You slash Natasha! You completely miss the cerulean imp.
The cerulean imp closely misses you. The cerulean imp completely misses you.
You block Natasha's attack. You block the cerulean imp's attack.
The cerulean imp closely misses you. Natasha barely misses you.
You closely miss Natasha.
Natasha is heavily wounded.
You hit the cerulean imp. You block the cerulean imp's attack.
The cerulean imp hits you but does no damage.
Natasha barely misses you. The cerulean imp barely misses you.
The cerulean imp hits you with a +1 spear.
* * * LOW HITPOINT WARNING * * *
You block Natasha's attack.
You barely miss Natasha.
Natasha is heavily wounded.
You miss the cerulean imp. The cerulean imp closely misses you.
The cerulean imp hits you with a +1 spear.
* * * LOW HITPOINT WARNING * * *
Natasha stares at you and mumbles some strange words.
You feel as though you will be slow longer.
You block the cerulean imp's attack.
The cerulean imp hits you with a +1 spear.
* * * LOW HITPOINT WARNING * * *
You block Natasha's attack.
You miss Natasha.
Natasha is heavily wounded.
You hit the cerulean imp.
The cerulean imp disappears in a puff of smoke!
The cerulean imp hits you from afar with a +0 spear.
You die...

#.#.#.###.#
####.#.#.#<#..>#####.###
.......................|
..............[.........
........................
................<.......
........................
.................h......
................@.......
...............)ยง.......
..................5.....
...............)........
........................
........................
........................
........................
........................


You could see Natasha and a cerulean imp (summoned).

Vanquished Creatures
  A jelly (D:2)
  Terence (D:2)
  2 worms (D:2)
  4 dart slugs
  7 endoplasms
  2 giant cockroaches (D:1)
  6 goblins
  4 hobgoblins
  9 jackals (D:1)
  A quokka (D:2)
  3 ball pythons
  2 bats (D:1)
  3 frilled lizards
  3 kobolds
  5 rats
53 creatures vanquished.

Notes
Turn   | Place    | Note
-------+----------+-------------------------------------------
     0 | D:1      | lonewolfV2 the Minotaur Fighter began the quest for the
                  | Orb.
     0 | D:1      | Reached XP level 1. HP: 19/19 MP: 0/0
    71 | D:1      | Reached skill level 1 in Dodging
    79 | D:1      | Reached XP level 2. HP: 21/27 MP: 1/1
   276 | D:1      | Reached XP level 3. HP: 33/33 MP: 2/2
   792 | D:2      | Reached XP level 4. HP: 25/41 MP: 3/3
   923 | D:2      | Noticed Terence
   933 | D:2      | Killed Terence
  1640 | D:3      | Noticed Natasha
  1653 | D:3      | HP: 1/41 [cerulean imp/+1 spear[Natasha] (4)]
  1654 | D:3      | Slain by a cerulean imp

Illustrated notes

Levels and vault maps discovered:
D:1:      scummos_arrival_hexagon, layout_rooms
D:2:      layout_rooms, serial_forest, infiniplex_forest_lined_3,
          infiniplex_forest_clump_double, infiniplex_forest_lined_room_2,
          infiniplex_forest_lined_ring, infiniplex_forest_corner_2,
          infiniplex_forest_clump_double, infiniplex_forest_lined_room_2,
          dk_vineyard_3, uniq_terence
D:3:      layout_basic, lemuel_zombie_altar_yredelemnul,
          mainiacjoe_overflow_chevrons, gammafunk_temple_overflow_pools,
          minmay_misc_feat_square, uniq_natasha

Skill      XL: |  1  2  3  4 |
---------------+-------------+-----
Dodging        | 1 2 3 |  3.4
Armour         | 4 |  4.6
Fighting       | 4 |  4.5
Axes           | |  2.4
Shields        | |  3.6

Action                     |  1- 3 |  4- 6 || total
---------------------------+-------+-------++-------
  Melee: War axe           |    63 |    36 ||    99
         Headbutt          |     6 |     8 ||    14
    Use: Scroll            |     4 |     4 ||     8
 Armour: Scale mail        |    32 |    23 ||    55
  Dodge: Dodged            |    46 |    29 ||    75
  Block: Buckler           |    13 |    21 ||    34
